 Dungeon Crawl Stone Soup version 0.21.0-30-g47ce8e4 (webtiles) character file.

1584 Monsterracer the Covert (level 8, -3/32 HPs)
             Began as a Spriggan Enchanter on Jan 28, 2018.
             Was a Believer of Hepliaklqana.
             Slain by an ogre
             ... wielding a +0 giant club
              (29 damage)
             ... on level 7 of the Dungeon.
             The game lasted 00:14:15 (6702 turns).

Monsterracer the Covert (Spriggan Enchanter)        Turns: 6702, Time: 00:14:16

Health: -3/32      AC:  4    Str:  4    XL:     8   Next: 61%
Magic:  19/19      EV: 19    Int: 19    God:    Hepliaklqana [**....]
Gold:   196        SH:  0    Dex: 16    Spells: 6/21 levels left

rFire    . . .     SeeInvis +   a - +1 dagger
rCold    + . .     Gourm    .   (shield restricted)
rNeg     . . .     Faith    .   b - +0 robe
rPois    +         Spirit   .   (helmet restricted)
rElec    .         Reflect  .   g - +1 cloak
rCorr    .         Harm     .   (gloves unavailable)
MR       +....                  (boots unavailable)
Stlth    ++++......             (no amulet)
HPRegen  0.10/turn              j - ring of poison resistance {!d}
MPRegen  0.16/turn              p - ring of protection from cold {!d}

@: very quick
A: very small, unfitting armour, reduced essence, see invisible, herbivore,
speed 3, slow metabolism 2
a: Recall Ancestor, Ancestor Identity, Renounce Religion


You were on level 7 of the Dungeon.
You worshipped Hepliaklqana.
Hepliaklqana was pleased with you.
You were hungry.

You visited 1 branch of the dungeon, and saw 7 of its levels.

You collected 383 gold pieces.
You spent 187 gold pieces at shops.

Inventory:

Hand Weapons
 a - a +1 dagger (weapon)
Armour
 b - a +0 robe (worn)
 g - a +1 cloak (worn)
Jewellery
 j - a ring of poison resistance (left hand) {!d}
 p - a ring of protection from cold (right hand) {!d}
Wands
 d - a wand of clouds (3)
 i - a wand of polymorph (22)
Scrolls
 k - a scroll of teleportation
 m - 4 scrolls of remove curse
 n - 2 scrolls of amnesia
Potions
 e - 3 potions of flight
 f - 2 potions of heal wounds {unknown}
 h - 2 potions of haste
 l - 2 potions of curing
 o - a potion of invisibility
 q - 2 potions of mutation {unknown}
 r - 2 potions of brilliance {unknown}
 s - a potion of might {unknown}
 t - a potion of cancellation {unknown}
Comestibles
 c - 7 rations


   Skills:
 + Level 5.8 Short Blades
 + Level 3.7 Dodging
 * Level 9.7 Stealth
 + Level 7.0 Spellcasting
 * Level 7.2 Hexes


You had 6 spell levels left.
You knew the following spells:

 Your Spells              Type           Power        Failure   Level  Hunger
b - Ensorcelled Hibernat  Hex/Ice        ###...       3%          2    None
c - Confuse               Hex            ####....     1%          3    #......
d - Dazzling Spray        Conj/Hex       ###...       7%          3    #......
e - Tukima's Dance        Hex            ####....     1%          3    #......
f - Summon Lightning Spi  Summ/Air       #.......     69%         4    ###....


Dungeon Overview and Level Annotations

Branches:
Dungeon (7/15)             Temple (0/1) D:5

Altars:
Cheibriados
Elyvilon
Hepliaklqana
Kikubaaqudgha
Nemelex Xobeh
Okawaru
Qazlal
The Shining One

Shops:
D:4 [


Innate Abilities, Weirdness & Mutations

You are very small and have problems with some larger weapons.
You are too small for most types of armour.
You have supernaturally acute eyesight. (SInv)
You are a herbivore.
You cover ground extremely quickly.
You need consume almost no food.
Your life essence is reduced to manifest your ancestor. (-10% HP)


Message History

The killer bee closely misses you.
Tepiltzin barely misses the killer bee.
You now have 13/19 mp.
The helpless killer bee fails to defend itself.
You stick the killer bee like a pincushion!!!
You kill the killer bee!
Your Hexes skill increases to level 7!
The killer bee stings you.
* * * LOW HITPOINT WARNING * * *
Tepiltzin gestures at the killer bee while chanting.
The killer bee resists with significant effort.
The killer bee misses you.
You take 3 damage, and have 11/32 hp.
Casting: Ensorcelled Hibernation
Confirm with . or Enter, or press ? or * to list all spells.
Aiming: Ensorcelled Hibernation
Press: ? - help, Shift-Dir - straight line, f - killer bee
Aim: a killer bee (heavily wounded, chance to defeat MR: 58%)
The killer bee resists with significant effort.
The killer bee completely misses you.
Tepiltzin hits the killer bee with a dagger of draining.
Tepiltzin drains the killer bee!
The killer bee dies!
You now have 11/19 mp.
You see here a killer bee corpse.
You swap places.
There is a stone staircase leading down here.
You start resting.
Magic restored.
You regained 4 hp, and now have 16/32 hp.
MP restored: 19 You start resting.
HP restored.
Health restored: 32 You climb downwards.
The hound closely misses you. The killer bee completely misses you.
The killer bee stings Tepiltzin.
The orc hits Tepiltzin with a flail.
The hound bites you. The killer bee closely misses you.
The killer bee barely misses Tepiltzin.
The hound bites you. 2 killer bees come into view.
There is a stone staircase leading up here.
You take 3 damage, and have 29/32 hp.
The killer bee completely misses you.
The killer bee stings Tepiltzin.
The killer bee barely misses you.
The orc closely misses Tepiltzin.
The killer bee closely misses Tepiltzin.
The hound barely misses you.
Tepiltzin casts a spell at the killer bee.
The killer bee appears confused.
The adder bites Tepiltzin but does no damage.
You climb upwards.
There is a stone staircase leading down here.
Casting: Ensorcelled Hibernation
Confirm with . or Enter, or press ? or * to list all spells.
Aiming: Ensorcelled Hibernation
Press: ? - help, Shift-Dir - straight line, f - killer bee
Aim: a killer bee (chance to defeat MR: 59%)
The killer bee looks drowsy...
The hound bites you. The hound bites you but does no damage.
You take 3 damage, and have 26/32 hp.
You now have 17/19 mp.
The helpless killer bee fails to defend itself.
You skewer the killer bee like a kebab!!!
You kill the killer bee!
Tepiltzin gestures at the hound while chanting.
The hound seems to slow down.
The hound bites you.
You take 1 damage, and have 25/32 hp.
You barely miss the hound. You closely miss the hound.
The hound barely misses you.
You hit the hound.
The hound is moderately wounded.
Tepiltzin barely misses the hound.
The hound bites you.
You take 1 damage, and have 24/32 hp.
You hit the hound.
The hound is moderately wounded.
You hit the hound but do no damage.
The hound is moderately wounded.
Tepiltzin hits the hound with a dagger of draining.
Tepiltzin drains the hound!
The hound closely misses Tepiltzin.
You completely miss the hound.
The hound is severely wounded.
Tepiltzin hits the hound with a dagger of draining.
Tepiltzin drains the hound!
The hound barely misses Tepiltzin.
You catch the helpless hound completely off-guard!
You impale the hound!!
You kill the hound!
Your Spellcasting skill increases to level 7!
You start resting.
Magic restored.
MP restored: 19
There is a stone staircase leading down here.
You start resting.
You are feeling hungry.
You regained 4 hp, and now have 29/32 hp.
You climb downwards.
An orc and an ogre come into view.
The orc hits you but does no damage. The killer bee barely misses you.
The ogre barely misses you.
There is a stone staircase leading up here.
The killer bee closely misses you. The orc barely misses you.
The killer bee stings you. The ogre hits you with a giant club!!
Ouch! That really hurt!
You die...

..#.... .......
.......#(....##
##.#...........
...............
..#####!.......
......oo.....##
#.#####Soy..###
#....>yoOy.....
....#.R@##.###.
.. ##..# ...
.)..# ##...
..###O# ... ...
... .. .. ##. .
. ..


You could see the friendly Tepiltzin the hexer, an orc warrior, 2 ogres, 3
killer bees, an adder and 3 orcs.

Vanquished Creatures
  The ghost of komo4ek the Slasher, an amateur DsGl of Uskayaw (D:4)
  Sigmund (D:2)
  2 water moccasins
  2 ogres
  A scorpion (D:6)
  2 killer bees (D:6)
  A howler monkey (D:5)
  2 jellies (D:6)
  2 hounds (D:6)
  Ijyb (D:3)
  Jessica (D:2)
  A worker ant (D:3)
  Natasha (twice) (D:4)
  A killer bee zombie (D:6)
  A hound skeleton (D:5)
  A worker ant zombie (D:6)
  3 gnolls (D:3)
  10 adders
  2 oozes
  2 worms
  5 dart slugs
  5 leopard geckos
  2 orcs
  2 ball pythons
  3 giant cockroaches
  7 hobgoblins
  10 jackals
  A quokka (D:3)
  7 bats
  6 frilled lizards
  13 goblins
  5 kobolds
  A leopard gecko skeleton (D:4)
  6 rats
112 creatures vanquished.

Vanquished Creatures (collateral kills)
  A scorpion (D:5)
  A killer bee (D:6)
  Natasha (D:4)
  A worker ant (D:5)
  An adder (D:4)
  A shadow imp (D:6)
  4 orcs
10 creatures vanquished.

Grand Total: 122 creatures vanquished

Notes
Turn   | Place    | Note
-------+----------+-------------------------------------------
     0 | D:1      | Monsterracer the Spriggan Enchanter began the quest for the Orb.
     0 | D:1      | Reached XP level 1. HP: 9/9 MP: 5/5
   307 | D:1      | Reached XP level 2. HP: 13/13 MP: 7/7
   311 | D:1      | Learned a level 2 spell: Ensorcelled Hibernation
   824 | D:2      | Found a sparkling altar of Nemelex Xobeh.
   826 | D:2      | Noticed Sigmund
   849 | D:2      | Killed Sigmund
   849 | D:2      | Reached skill level 5 in Stealth
   849 | D:2      | Reached XP level 3. HP: 11/16 MP: 6/10
   849 | D:2      | Reached XP level 4. HP: 14/21 MP: 6/11
   849 | D:2      | Reached XP level 5. HP: 16/24 MP: 7/13
   854 | D:2      | Learned a level 3 spell: Confuse
   858 | D:2      | Learned a level 3 spell: Tukima's Dance
   862 | D:2      | Learned a level 3 spell: Dazzling Spray
   997 | D:2      | Found a white marble altar of Elyvilon.
  1063 | D:2      | Noticed Jessica
  1072 | D:2      | Killed Jessica
  1072 | D:2      | Reached skill level 5 in Spellcasting
  1702 | D:2      | Reached skill level 6 in Stealth
  2184 | D:3      | Reached XP level 6. HP: 28/28 MP: 14/14
  2245 | D:3      | HP: 14/28 [poisoned by an adder]
  2251 | D:3      | HP: 13/28 [poisoned by an adder]
  2256 | D:3      | HP: 11/28 [poisoned by an adder]
  2264 | D:3      | HP: 10/28 [poisoned by an adder]
  2791 | D:3      | HP: 14/28 [poisoned by an adder]
  2797 | D:3      | HP: 11/28 [poisoned by an adder]
  2803 | D:3      | HP: 9/28 [poisoned by an adder]
  2809 | D:2      | HP: 8/28 [poisoned by an adder]
  2816 | D:2      | HP: 6/28 [poisoned by an adder]
  2824 | D:2      | HP: 5/28 [poisoned by an adder]
  3080 | D:3      | Reached skill level 5 in Hexes
  3183 | D:3      | Noticed Ijyb
  3189 | D:3      | Killed Ijyb
  3411 | D:3      | Found a snail-covered altar of Cheibriados.
  3439 | D:2      | Found a hazy altar of Hepliaklqana.
  3439 | D:2      | Found an iron altar of Okawaru.
  3451 | D:2      | Learned a level 4 spell: Summon Lightning Spire
  3456 | D:2      | Became a worshipper of Hepliaklqana the Forgotten
  3616 | D:3      | HP: 12/25 [poisoned by an adder]
  3625 | D:3      | HP: 11/25 [poisoned by an adder]
  3965 | D:4      | Found a stormy altar of Qazlal.
  3979 | D:4      | Noticed komo4ek's ghost (amateur DsGl)
  3996 | D:4      | Killed komo4ek's ghost
  3996 | D:4      | Reached skill level 7 in Stealth
  3996 | D:4      | Reached XP level 7. HP: 25/28 MP: 4/17
  4082 | D:4      | Noticed Natasha
  4092 | D:4      | Killed Natasha
  4097 | D:4      | Noticed Natasha
  4102 | D:4      | Killed Natasha
  4116 | D:4      | Noticed Natasha
  4123 | D:4      | Killed Natasha
  4347 | D:4      | Found Qilieth's Antique Armour Emporium.
  4353 | D:4      | Bought a glowing cloak for 187 gold pieces
  4444 | D:5      | Entered Level 5 of the Dungeon
  4452 | D:5      | Reached * piety under Hepliaklqana
  4458 | D:5      | Found a staircase to the Ecumenical Temple.
  4468 | D:5      | Reached skill level 8 in Stealth
  4747 | D:5      | Reached skill level 5 in Short Blades
  5046 | D:5      | Reached XP level 8. HP: 20/32 MP: 13/18
  5067 | D:5      | HP: 16/32 [worker ant (6)]
  5505 | D:6      | Reached ** piety under Hepliaklqana
  5506 | D:6      | Remembered your ancestor Tepiltzin as a hexer
  5528 | D:6      | Found a glowing golden altar of the Shining One.
  5976 | D:6      | Reached skill level 9 in Stealth
  6184 | D:6      | Found an ancient bone altar of Kikubaaqudgha.
  6229 | D:6      | Found a snail-covered altar of Cheibriados.
  6431 | D:6      | HP: 15/32 [killer bee (3)]
  6440 | D:6      | HP: 11/32 [killer bee (3)]
  6702 | D:7      | Slain by an ogre

Skill      XL: |  1  2  3  4  5  6  7  8 |
---------------+-------------------------+-----
Spellcasting   | 3 4 5 6 7 |  7.0
Short Blades   | 2 3 4 5 |  5.8
Stealth        | 5 6 7 8 9 |  9.7
Hexes          | 4 5 6 7 |  7.2
Dodging        | |  3.7

Action                   |  1- 3 |  4- 6 |  7- 9 || total
-------------------------+-------+-------+-------++-------
Melee: Dagger            |    70 |   275 |    82 ||   427
 Cast: Ensorcelled Hiber |     1 |    19 |    20 ||    40
       Corona            |       |    15 |       ||    15
       Confuse           |       |     1 |     1 ||     2
       Dazzling Spray    |       |       |     1 ||     1
Invok: Recall Ancestor   |       |     4 |     3 ||     7
       Ancestor Life: He |       |       |     1 ||     1
  Use: Scroll            |       |     7 |     4 ||    11
 Stab: Sleeping          |     8 |    33 |    23 ||    64
       Confused          |       |     2 |     1 ||     3
       Distracted        |       |       |     2 ||     2
  Eat: Ration            |       |     1 |     1 ||     2
Armor: Robe              |     4 |    14 |    12 ||    30
Dodge: Dodged            |    45 |   225 |    63 ||   333

Vault maps used:
D:1:      dpeg_arrival_more_subterranean_lakeside_camping, minmay_tiny_reverse_x
D:2:      nemelex_xobeh_ov_fountains_minmay, nicolae_overflow_hidden_temple,
          elyvilon_altar_4, uniq_sigmund, uniq_jessica
D:3:      minmay_diamond_boxcup, first_ration, kennysheep_slug_shrine, uniq_ijyb
D:4:      serial_shops, shop, grunt_qazlal_clouds, uniq_natasha
D:5:      minmay_temple_entry_statues_pillars
D:6:      kennysheep_little_box, lemuel_round_altar, overflow_temple_1_default
